[Event "Late-Titled-Tuesday-Blitz-June-04-2024"]
[Site "Chess.com"]
[Date "2024.06.04"]
[Round "7"]
[White "sokidze"]
[Black "KingCyber19"]
[Result "1-0"]
[WhiteElo "2793"]
[BlackElo "2616"]
[TimeControl "180+1"]
[EndTime "15:16:32 PDT"]
[Termination "sokidze won by checkmate"]

1. e4 e5 2. Nf3 Nc6 3. Bb5 a6 4. Ba4 Nf6 5. Nc3 b5 6. Bb3 Be7 7. O-O d6 8. d3 Bg4 9. Be3 Nd4 10.
Bxd4 exd4 11. Nd5 c6 12. Nxe7 Qxe7 13. h3 Bxf3 14. Qxf3 O-O 15. Rae1 Nd7 16. c3 Qe5 17. Qd1 Nc5 18. Bc2 Rae8 19. f4 Qf6 20. Qd2 Ne6 21. Bb3 Nc5 22. Bc2 Ne6 23. Kh1 Qh6 24. Bb3 Qf6 25. e5 dxe5 26. Rxe5 dxc3 27. bxc3 Rd8 28. d4 Nc7 29. Rfe1 Nd5 30. f5 a5 31. a4 b4 32. Bxd5 bxc3 33. Qxc3 Rxd5 34. Rxd5 cxd5 35. Re5 Qd8 36. Qc6 Qg5 37. Rxd5 Qf4 38. Qd6 Qf1+ 39. Kh2 h6 40. Rxa5 Re8 41. Rb5 Re2 42. Rb8+ Kh7 43.
Qg3 Qd1 44. Qf3 Qd2 45. f6 g6 46. Rb7 Kg8 47. Rb8+ Kh7 48. Rb7 Kg8 49. Re7 Rf2 50.
Qa8+ Kh7 51. Rxf7# 1-0

[Event "Late-Titled-Tuesday-Blitz-June-04-2024"]
[Site "Chess.com"]
[Date "2024.06.04"]
[Round "7"]
[White "Sl4werThanYou"]
[Black "aghasiyevkamal"]
[Result "0-1"]
[WhiteElo "2737"]
[BlackElo "2624"]
[TimeControl "180+1"]
[EndTime "15:16:32 PDT"]
[Termination "aghasiyevkamal won by checkmate"]

1. e4 c5 2. Nf3 d6 3. d4 cxd4 4. Nxd4 Nf6 5. Nc3 g6 6. f3 Bg7 7. Be3 Nc6 8. Qd2 O-O 9. g4 Be6 10. h4 d5 11. g5 Nh5 12. O-O-O Nxd4 13. Bxd4 Bxd4 14. Qxd4 dxe4 15. Qxe4 Qa5 16. Qa4 Qc5 17. Qd4 Qxd4 18. Rxd4 Rfd8 19. Rxd8+ Rxd8 20. Bd3 Nf4 21. Be4 b6 22. b3 Kg7 23. a4 h6 24. Kb2 Rh8 25.
gxh6+ Rxh6 26. a5 Kf6 27. a6 Bd7 28. Rd1 Ke6 29. Bb7 Rxh4 30. Rxd7 Kxd7 31. Nb5 Rh2 32. Nxa7 Nd3+ 33. Kc3 Nc5 34. Nb5 Nxb7 35. axb7 Rh8 36. Kd4 Kc6 37. c4 Kxb7 38. Ke5 Rh3 39. Ke4 Rh4+ 40. Ke3 Kc6 41. Nc3 Kc5 42. Nd5 e6 43.
Nf6 Kb4 44. Nd7 Kxb3 45. Nxb6 Rxc4 46. Nxc4 Kxc4 47. Ke4 f6 48. Kf4 Kd4 49. Kg4 Ke3 50.
f4 Ke4 51. f5 exf5+ 52. Kg3 Ke3 53. Kh4 f4 54. Kh3 f3 55. Kg3 f2 56. Kg2 Ke2 57.
Kh2 f1=Q 58. Kg3 Qf5 59. Kh4 Qe4+ 60. Kg3 Qf3+ 61. Kh2 Qg4 62. Kh1 Kf2 63. Kh2 Qg2# 0-1

[Event "Late-Titled-Tuesday-Blitz-June-04-2024"]
[Site "Chess.com"]
[Date "2024.06.04"]
[Round "7"]
[White "subham777"]
[Black "ReadySkate"]
[Result "0-1"]
[WhiteElo "2558"]
[BlackElo "2717"]
[TimeControl "180+1"]
[EndTime "15:16:33 PDT"]
[Termination "ReadySkate won by resignation"]

1. e4 c5 2. Nf3 e6 3. g3 Nc6 4.
Bg2 Nf6 5. d3 d5 6. exd5 exd5 7.
O-O Be7 8. c3 O-O 9. d4 cxd4 10.
Nxd4 Bg4 11. Qb3 Nxd4 12. cxd4 Qd7 13. Nc3 Bh3 14. Bg5 Bxg2 15. Kxg2 Rfd8 16. Rfe1 h6 17. Bf4 Rac8 18. Re2 Bd6 19. Bxd6 Qxd6 20. Rae1 b6 21. h3 Rc4 22. Re5 Rb4 23. Qa3 a5 24. Ne2 Qc6 25. b3 Qc2 26. Re3 Ne4 27. Qc1 Rc8 28. Qxc2 Rxc2 29.
a3 Rb5 30. Rf1 Rb2 31. Nf4 g5 32. Nxd5 Nd2 33. Ne7+ Kf8 34. Rc1 R2xb3 35. Rc8+ Kg7 36. Nf5+ Rxf5 37. Rxb3 Nxb3 38. Rc6 Rb5 39. a4 Rb4 40. d5 Nd4 41. Rd6 Nf5 42. Rc6 Ne7 43. Rd6 Rd4 44. Rxb6 Rxd5 45. h4 Rd4 46. Rb7 Nd5 47. hxg5 hxg5 48. Rb5 f6 49. Rxa5 Nc3 50. Ra7+ Kg6 51. a5 Ra4 52. a6 Ra2 53. Kf3 Nd1 54.
Ra8 Rxf2+ 55. Ke4 Ra2 56. a7 Nf2+ 57. Kd4 Kg7 58. Kc5 Ne4+ 59. Kb6 Nxg3 60. Rb8 f5 61.
a8=Q Rxa8 62. Rxa8 f4 63. Kc5 f3 64. Ra2 f2 65. Rxf2 Ne4+ 66. Kd4 Nxf2 67. Ke3 Ng4+ 68. Kf3 Nf6 69. Kg3 Kg6 0-1

[Event "Late-Titled-Tuesday-Blitz-June-04-2024"]
[Site "Chess.com"]
[Date "2024.06.04"]
[Round "7"]
[White "Hasangatin_Ramil"]
[Black "Zura_19"]
[Result "0-1"]
[WhiteElo "2715"]
[BlackElo "2628"]
[TimeControl "180+1"]
[EndTime "15:16:41 PDT"]
[Termination "Zura_19 won on time"]

1. e4 e6 2. d3 d5 3. Qe2 Nf6 4.
Nf3 dxe4 5. dxe4 b6 6. e5 Nd5 7. c4 Ne7 8. g3 Bb7 9. Bg2 Nf5 10. O-O Be7 11. Rd1 Qc8 12. Nc3 O-O 13. Bf4 Na6 14. Rd2 Rd8 15. Rad1 Rxd2 16. Qxd2 Nc5 17. b3 a5 18. Nd4 Nxd4 19. Qxd4 Bxg2 20. Kxg2 Qb7+ 21. f3 g5 22. Be3 Rd8 23. Qg4 h6 24. Rxd8+ Bxd8 25. Bxc5 bxc5 26. Qe4 Qb4 27. Qd3 Be7 28. Kf1 Qa3 29. Ke2 Qb2+ 30. Qd2 Qa1 31. Kd3 Qf1+ 32. Qe2 Qc1 33. Ne4 Qa1 34. Nf2 Qd4+ 35.
Kc2 Bf8 36. Nd3 Bg7 37. f4 Qa1 38. Nc1 Qd4 39. Qd2 Qe4+ 40. Qd3 Qg2+ 41. Qe2 Qg1 42. Qd2 gxf4 43. gxf4 h5 44. Nd3 Bh6 45. Qe2 h4 46. h3 Qg3 47. Qf1 Qe3 48. Qg2+ Kh7 49. Qg4 Qg3 50. Qh5 Kg7 51. f5 exf5 52. Qxf5 Qe3 53.
Qf6+ Kg8 54. Qd8+ Kh7 55. Qd7 Qd2+ 56. Kb1 Qd1+ 57. Kb2 Bc1+ 58. Kb1 Ba3+ 0-1

[Event "Late-Titled-Tuesday-Blitz-June-04-2024"]
[Site "Chess.com"]
[Date "2024.06.04"]
[Round "7"]
[White "Der_Honigdachs"]
[Black "albayo"]
[Result "0-1"]
[WhiteElo "2526"]
[BlackElo "2363"]
[TimeControl "180+1"]
[EndTime "15:16:41 PDT"]
[Termination "albayo won by resignation"]

1. e4 d5 2. Nc3 dxe4 3. Nxe4 Nf6 4. Nxf6+ exf6 5. d4 Bd6 6. Bd3 O-O 7. Ne2 Nc6 8. c3 Re8 9. O-O Bg4 10. f3 Bh5 11.
Ng3 Bg6 12. Nf5 Bf8 13. Bf4 Qd7 14. Qc2 Rac8 15. Rae1 Ne7 16. g4 Bxf5 17. Bxf5 Nxf5 18. Qxf5 Qxf5 19. gxf5 c5 20. d5 c4 21. Re4 Red8 22.
Rd1 Rc5 23. d6 Rd7 24. Rdd4 Rxf5 25. Rxc4 g5 26. Bg3 Rd5 27. Rc7 Rd8 28. Rxb7 Bxd6 29. Bxd6 R5xd6 30. Kf2 Rd2+ 31. Re2 f5 32. Rxa7 f4 33.
Rb7 h5 34. h3 Kg7 35. a4 Kg6 36. a5 f5 37. Rb6+ Kg7 38. Rb5 Kg6 39. Rb6+ Kg7 40. Ke1 Rxe2+ 41. Kxe2 g4 42. hxg4 fxg4 43. fxg4 hxg4 44.
a6 f3+ 45. Ke3 Re8+ 46. Kd2 f2 47. Rb7+ Kg6 48. Rb6+ Kg5 49. Rb5+ Kf4 50. Rb7 g3 51. Rf7+ Kg4 52. a7 g2 53. Rg7+ Kf3 54. Rf7+ Kg3 55. Rg7+ Kh2 56. Rh7+ Kg1 57. a8=Q Rxa8 0-1

[Event "Late-Titled-Tuesday-Blitz-June-04-2024"]
[Site "Chess.com"]
[Date "2024.06.04"]
[Round "7"]
[White "HeinichessPY"]
[Black "Pelusiansky"]
[Result "0-1"]
[WhiteElo "2266"]
[BlackElo "2390"]
[TimeControl "180+1"]
[EndTime "15:16:41 PDT"]
[Termination "Pelusiansky won by checkmate"]

1. e4 c6 2. d4 d5 3. exd5 cxd5 4.
Bd3 Nc6 5. c3 Nf6 6. Bf4 Bg4 7.
Qb3 Qd7 8. Nd2 e6 9. Ngf3 Bd6 10. Bxd6 Qxd6 11. O-O O-O 12. Rae1 Bxf3 13. Nxf3 Ne7 14. Ne5 a6 15. f4 b5 16. Rf3 Rab8 17. a3 a5 18. g4 b4 19. axb4 axb4 20. g5 bxc3 21. Qxc3 Ne4 22. Bxe4 dxe4 23. Rxe4 Rfc8 24. Qd2 Nf5 25.
Rc3 Rxc3 26. bxc3 g6 27. Re1 Kg7 28. Qe2 Rb3 29. Rc1 Rxc3 30. Rxc3 Qxd4+ 31. Re3 Nxe3 32. Nc6 Qxf4 33. Qb2+ Kg8 34. Qb8+ Qxb8 35. Nxb8 Kg7 36.
Nd7 h6 37. gxh6+ Kxh6 38. Kf2 Nd5 39. Ne5 f6 40. Nf7+ Kg7 41. Nd6 e5 42. Kf3 f5 43.
h4 e4+ 44. Ke2 Kf6 45. Ne8+ Ke5 46. Ng7 f4 47. Kf2 Nf6 48. Ke2 Ng4 49. h5 gxh5 50.
Nxh5 f3+ 51. Kf1 e3 52. Ng3 Kf4 53. Nh1 Nh2+ 54. Ke1 Ng4 55. Kf1 Ne5 56. Ke1 Nd3+ 57. Kf1 e2+ 58. Kg1 e1=Q+ 59. Kh2 Qh4+ 60. Kg1 Qg4+ 61.
Kf1 Qg2# 0-1

[Event "Late-Titled-Tuesday-Blitz-June-04-2024"]
[Site "Chess.com"]
[Date "2024.06.04"]
[Round "7"]
[White "stollenmonster"]
[Black "denizozen"]
[Result "1-0"]
[WhiteElo "2890"]
[BlackElo "2936"]
[TimeControl "180+1"]
[EndTime "15:16:42 PDT"]
[Termination "stollenmonster won by checkmate"]

1. e4 e5 2. Nc3 Nf6 3. g3 d5 4. exd5 Bg4 5. Be2 Bf5 6. Bf3 Bc5 7. Nge2 O-O 8. O-O Bh3 9. Re1 Ng4 10. d4 exd4 11. Ne4 Bb6 12. Nf4 f5 13. Nxh3 fxe4 14. Bxg4 Qxd5 15. Nf4 Qe5 16. Qe2 Re8 17. Bf3 e3 18.
fxe3 Nc6 19. Nd3 Qf6 20. e4 Rad8 21. Bf4 Rf8 22. e5 Qf5 23. Bg4 Qg6 24. Kh1 Ne7 25.
e6 c5 26. Ne5 Qf6 27. Nd7 Qg6 28. Nxf8 Rxf8 29. Bh5 Qf5 30. Bf7+ Kh8 31. Qe4 Qf6 32. Be5 Qg5 33. Rf1 h6 34. Rf4 Nc6 35. Rf5 Qe7 36.
Raf1 d3 37. cxd3 c4 38. dxc4 a5 39. Bc3 Rd8 40. Rd5 Rf8 41. Rd7 Qg5 42. e7 Nxe7 43.
Rxe7 Qc5 44. Re8 h5 45. Rxf8+ Qxf8 46. Qe8 Bc5 47. Bxh5 Qxe8 48. Bxe8 Kh7 49. Bf7 Bd6 50. Bd5 g6 51. Bxb7 Kh6 52. Bxa5 g5 53. Bd2 Kh5 54. Bf3+ g4 55. Bxg4+ Kxg4 56. Bf4 Bc5 57. Kg2 Kf5 58. h3 Ke4 59. Rd1 Kf5 60. h4 Kg4 61.
Rd5 Be7 62. c5 Bxc5 63. Rg5# 1-0

[Event "Late-Titled-Tuesday-Blitz-June-04-2024"]
[Site "Chess.com"]
[Date "2024.06.04"]
[Round "7"]
[White "Jospem"]
[Black "MatthewG-p4p"]
[Result "1-0"]
[WhiteElo "3039"]
[BlackElo "2890"]
[TimeControl "180+1"]
[EndTime "15:16:42 PDT"]
[Termination "Jospem won by resignation"]

1. e4 e6 2. d4 d5 3. Nd2 a6 4.
Ngf3 Nf6 5. e5 Nfd7 6. Bd3 c5 7. c3 Nc6 8. O-O g5 9. dxc5 g4 10. Nd4 Ndxe5 11. N2b3 Nxd3 12. Qxd3 e5 13. Re1 Bg7 14.
Nf5 Bxf5 15. Qxf5 Qd7 16. Qh5 O-O-O 17. Be3 f5 18. Bg5 Rde8 19. Rad1 h6 20. Bc1 Rhg8 21. Nd2 Qe6 22. Nf1 Bf6 23. Ng3 Bg5 24. Ne2 Bxc1 25.
Rxc1 Rg5 26. Qh4 Qg6 27. Rcd1 Rh5 28. Qg3 f4 29. Nxf4 exf4 30. Rxe8+ Qxe8 31. Qxg4+ Kb8 32. Qxf4+ Ka7 33. h3 Qe6 34. Qg4 Qf7 35. b4 Rg5 36. Qe2 Qf4 37. g3 Ne5 38. Kg2 Qe4+ 39. Qxe4 dxe4 40.
Re1 Nf3 41. Rxe4 Nd2 42. Re2 Nc4 43. f4 Rd5 44. g4 a5 45. f5 axb4 46. cxb4 Ka6 47.
f6 Rd8 48. a4 Rf8 49. Re6+ Ka7 50. h4 Nd2 51. g5 hxg5 52. hxg5 Rg8 53. Re5 Nc4 54.
f7 Rf8 55. Re7 Nb2 56. g6 Nxa4 57. g7 Rxf7 58. Rxf7 1-0

[Event "Late-Titled-Tuesday-Blitz-June-04-2024"]
[Site "Chess.com"]
[Date "2024.06.04"]
[Round "7"]
[White "FuenfgegenWilly"]
[Black "ZverevLev"]
[Result "0-1"]
[WhiteElo "2505"]
[BlackElo "2659"]
[TimeControl "180+1"]
[EndTime "15:16:42 PDT"]
[Termination "ZverevLev won on time"]

1. e4 e6 2. d4 d5 3. exd5 exd5 4. Nf3 Nf6 5. Bd3 Bd6 6. Qe2+ Be6 7. Ng5 Qe7 8. Nxe6 fxe6 9. O-O Nc6 10. c3 O-O-O 11.
f4 Rhf8 12. Nd2 g5 13. fxg5 Nd7 14. Nf3 e5 15. dxe5 Ndxe5 16. Nxe5 Nxe5 17. Bd2 h6 18. g6 Qh4 19. Bf5+ Kb8 20. g3 Qe7 21. Bxh6 Rh8 22. Bf4 Rdf8 23. Bxe5 Bxe5 24. Rae1 Re8 25. Kg2 Qd8 26.
Qg4 Bg7 27. Be6 Re7 28. Bf7 Qd6 29. Re6 Qd7 30. Rfe1 a6 31. Qg5 Rxe6 32. Bxe6 Qb5 33. Qd2 d4 34. cxd4 Qh5 35. h4 Qxg6 36. Qf4 Re8 37.
d5 Bxb2 38. Re2 Ba3 39. Rf2 Bd6 40. Qg4 Rxe6 41. Qxe6 Qxg3+ 42. Kf1 Bc5 43. Rf7 Qxh4 44. Ke2 Qh2+ 45. Kf3 Qxa2 46. Ke4 Qe2+ 47. Kf5 Qh5+ 48. Kf6 Bd4+ 49. Ke7 Qh4+ 50. Kd7 Qg3 51. Rf8+ Ka7 52.
Kc8 Bc5 53. Rf7 Bd6 0-1

[Event "Late-Titled-Tuesday-Blitz-June-04-2024"]
[Site "Chess.com"]
[Date "2024.06.04"]
[Round "7"]
[White "rikchessmx"]
[Black "Agustin_Meza"]
[Result "1-0"]
[WhiteElo "2347"]
[BlackElo "2177"]
[TimeControl "180+1"]
[EndTime "15:16:43 PDT"]
[Termination "rikchessmx won on time"]

1. e4 c5 2. Nf3 Nc6 3. d4 cxd4 4. Nxd4 e5 5. Nb5 d6 6. a4 a6 7.
N5a3 Nf6 8. Nc3 Be7 9. Be2 O-O 10. Be3 Be6 11. Nc4 Bxc4 12. Bxc4 Rc8 13. b3 Na5 14. Qd3 Nxc4 15. bxc4 Qc7 16. Nd5 Nxd5 17. cxd5 Qxc2 18. Qxc2 Rxc2 19. Rb1 Rfc8 20. O-O R2c7 21. Rb6 f6 22. g3 Kf7 23. Rfb1 Rc4 24. Rxb7 Rxa4 25. Ra7 Rxe4 26. Rbb7 Re8 27. Bb6 Kf8 28. Rxa6 Rb4 29. Rba7 Rb5 30. Bc7 Rxd5 31. Kg2 Rc8 32. Kf3 Rc5 33.
Bxd6 Bxd6 34. Rxd6 R5c7 35. Raa6 Ke7 36. Kg4 Rd7 37.
Re6+ Kf7 38. f4 exf4 39. gxf4 Rc4 40. Re3 Rdd4 41. Rf3 Kg6 42. Kg3 h5 43. Ra7 Rd5 44. Kh4 Rdc5 45. Rg3+ Kh6 46. Rgxg7 Rxf4+ 47. Kg3 Rg4+ 48. Rxg4 hxg4 49. Kxg4 Kg6 50. Ra8 Rc4+ 51. Kg3 Kg5 52. Rg8+ Kf5 53. h4 Rc3+ 54. Kh2 Rc7 55. Kh3 Rh7 56. Rg1 Kf4 57. Rf1+ Ke5 58. Kg4 Ke6 59.
h5 Rg7+ 60. Kh4 Rh7 61. Rg1 Rh6 62. Rg8 Kf5 63. Rg1 Ke5 64. Rf1 f5 65. Kg5 Rh8 66.
Rxf5+ Ke6 67. Rf2 Ke7 68. h6 Rg8+ 69. Kh5 Rg1 70. Rf3 Rh1+ 71. Kg6 Rg1+ 72. Kh7 Ke6 73.
Rf8 Ke7 74. Rg8 Rh1 75. Rg6 Kf7 76. Rg7+ Kf6 77. Rg2 Rh5 78. Rf2+ Kg5 79. Kg7 1-0

[Event "Late-Titled-Tuesday-Blitz-June-04-2024"]
[Site "Chess.com"]
[Date "2024.06.04"]
[Round "7"]
[White "rhungaski"]
[Black "garfield_pg"]
[Result "1/2-1/2"]
[WhiteElo "2622"]
[BlackElo "2470"]
[TimeControl "180+1"]
[EndTime "15:16:44 PDT"]
[Termination "Game drawn by repetition"]

1. Nf3 d5 2. d4 e6 3. c4 a6 4. e3 Nf6 5. Nc3 Be7 6. Bd3 dxc4 7.
Bxc4 O-O 8. O-O c5 9. dxc5 Bxc5 10. Qxd8 Rxd8 11. Be2 Nc6 12. Bd2 Bd7 13. Rac1 Be8 14. Rfd1 Rac8 15. Na4 Ba7 16. Be1 Rxd1 17. Bxd1 Ne7 18.
Rxc8 Nxc8 19. Ne5 Kf8 20. Bc2 Nd7 21. Bb4+ Kg8 22. Nd3 Ncb6 23. Nc3 f6 24. Bb3 Bf7 25. Ne4 Nc8 26. Nec5 Nxc5 27. Nxc5 Bxc5 28. Bxc5 e5 29. Bc2 Bxa2 30. Bf5 b6 31. Bxc8 bxc5 32. Bxa6 Kf7 33. f4 Ke6 34. Kf2 Kd5 35. Bc8 Bb1 36. Ke2 exf4 37.
exf4 Be4 38. g3 Kd4 39. Kd2 h6 40. Be6 g5 41. fxg5 fxg5 42. h4 gxh4 43. gxh4 Bd3 44. Bf7 Bb5 45. Be6 Ba6 46. Bf7 Bd3 47. Bg8 Bg6 48.
Ba2 c4 49. Ke2 Be4 50. Kf2 Bc2 51. Kf3 Bd3 52. Kf4 Bc2 53. Kf3 Bg6 54. Kg4 Be4 55. Kh5 Bf3+ 56. Kxh6 Kd3 57. Kg5 Be2 58. Bb1+ Kd2 59. Bf5 Kc1 60. Bg4 Bxg4 61. Kxg4 Kxb2 62. h5 c3 63. h6 c2 64. h7 c1=Q 65. h8=Q+ Qc3 66. Qb8+ Qb3 67. Qh2+ Qc2 68. Qe5+ Qc3 69. Qb5+ Qb3 70. Qe2+ Qc2 71. Qb5+ Qb3 72. Qe5+ Qc3 73. Qe2+ Qc2 74. Qb5+ Qb3 1/2-1/2

[Event "Late-Titled-Tuesday-Blitz-June-04-2024"]
[Site "Chess.com"]
[Date "2024.06.04"]
[Round "7"]
[White "Revan_2002"]
[Black "BabageldiAnnaberdiyev"]
[Result "0-1"]
[WhiteElo "2785"]
[BlackElo "2634"]
[TimeControl "180+1"]
[EndTime "15:16:46 PDT"]
[Termination "BabageldiAnnaberdiyev won by resignation"]

1. c4 e6 2. Nf3 d5 3. e3 f5 4. b3 Nf6 5. Bb2 c6 6. Be2 a5 7. O-O Bd6 8. d4 O-O 9. Nbd2 Nbd7 10. Ne5 Ne4 11. f4 Ndf6 12. Nxe4 Nxe4 13. c5 Bxe5 14.
fxe5 Qg5 15. Qd3 b6 16. Rf4 Ba6 17. Qc2 Bxe2 18. Qxe2 bxc5 19. dxc5 a4 20. b4 a3 21. Bd4 Rfb8 22. Rb1 h5 23. h4 Qg6 24. b5 cxb5 25.
Rxb5 Qe8 26. Rb6 Rc8 27. Qc2 Rc6 28. Rf1 Rac8 29. Rxc6 Qxc6 30. Rc1 Rb8 31. Kh2 Kh7 32. Qd3 Qe8 33. Qe2 Qg6 34. Qf3 Nd2 35. Qg3 Nc4 36. Qf3 Qg4 37. Qxg4 hxg4 38. Kg3 Kg6 39. e4 fxe4 40. Kxg4 e3 41. h5+ Kh7 42. Rf1 Kg8 43.
Kg5 Rc8 44. Rb1 Kh7 45. g4 Nd2 46. Rc1 Nf3+ 47. Kf4 Nxd4 48. Kxe3 Nc6 49. g5 Nxe5 50.
Kf4 Nc4 51. Rb1 e5+ 52. Kf5 Rf8+ 53. Ke6 d4 54. c6 d3 55. c7 d2 56. Ke7 Rc8 57.
Kd7 Rxc7+ 58. Kxc7 Nb2 59. Kd6 d1=Q+ 60. Rxd1 Nxd1 61.
Ke6 Nc3 62. Kf7 Ne4 63. Ke6 Nxg5+ 64. Kxe5 Kh6 0-1

[Event "Late-Titled-Tuesday-Blitz-June-04-2024"]
[Site "Chess.com"]
[Date "2024.06.04"]
[Round "7"]
[White "BerlinDrawer"]
[Black "ChessQueen"]
[Result "0-1"]
[WhiteElo "2577"]
[BlackElo "2737"]
[TimeControl "180+1"]
[EndTime "15:16:48 PDT"]
[Termination "ChessQueen won by resignation"]

1. d4 f5 2. Bg5 Nf6 3. Bxf6 exf6 4. e3 d5 5. c4 c6 6. cxd5 Qxd5 7. Nc3 Qa5 8. Bc4 b5 9. Bb3 Na6 10. Ne2 Bd7 11. O-O O-O-O 12. a4 b4 13. Nb1 Kb8 14.
Nd2 Bc8 15. Qc2 c5 16. d5 Qc7 17. Bc4 Bd6 18. g3 Ka8 19. Nf4 Bxf4 20. exf4 Qd6 21. Rfe1 Nc7 22. Nf1 Rhe8 23. Ne3 g6 24. Rad1 Bb7 25.
b3 h5 26. h4 Re4 27. Bf1 Rde8 28. Bg2 Rxe3 29. Rxe3 Rxe3 30. fxe3 Kb8 31. e4 fxe4 32. Qxe4 Ba6 33. Bf1 Bxf1 34. Kxf1 Qd7 35. Kg2 Ne8 36. Qe6 Kc7 37. Re1 Ng7 38. Qxd7+ Kxd7 39. Kf3 Nf5 40. Rd1 Kd6 41. g4 hxg4+ 42. Ke4 Nxh4 43. Rh1 f5+ 44. Ke3 Ng2+ 45. Kf2 Nxf4 46. Kg3 Nxd5 47. Rh6 Ke5 48. Rxg6 Ne3 49. Ra6 f4+ 50. Kf2 g3+ 51.
Kf3 g2 52. Kf2 Kd4 53. Rf6 Kc3 54. Rxf4 Nd1+ 55. Kxg2 Kxb3 56. Rf5 c4 57. Rf3+ c3 0-1

[Event "Late-Titled-Tuesday-Blitz-June-04-2024"]
[Site "Chess.com"]
[Date "2024.06.04"]
[Round "7"]
[White "Michalczak"]
[Black "Pachonpower"]
[Result "0-1"]
[WhiteElo "2511"]
[BlackElo "2390"]
[TimeControl "180+1"]
[EndTime "15:16:48 PDT"]
[Termination "Pachonpower won on time"]

1. e4 e6 2. d4 d5 3. Nc3 dxe4 4.
Nxe4 Nd7 5. Nf3 Ngf6 6. Nxf6+ Nxf6 7. c3 b6 8. Bb5+ Bd7 9. Bxd7+ Qxd7 10. Ne5 Qd5 11. O-O b5 12. a4 Bd6 13. Bf4 O-O 14. Re1 Rfb8 15. axb5 Qxb5 16. Ra2 a5 17. c4 Qb4 18.
Nc6 Qxc4 19. Nxb8 Qxa2 20. Nc6 Bxf4 21. Qf3 Bd6 22. Ne7+ Bxe7 23. Qxa8+ Bf8 24. Qb8 Nd5 25. g3 g6 26. Qb5 Kg7 27. h4 Bb4 28. Re2 Qb1+ 29.
Kh2 Qf5 30. Qc4 Bd6 31. Kg1 Qf3 32. Qa6 Qg4 33. Qc4 Nf4 34. Rd2 Nh3+ 35. Kg2 g5 36. hxg5 Nxg5 37. Qd3 Qh3+ 38. Kg1 f5 39. Re2 Qg4 40. d5 e5 41. Rc2 e4 42. Qd4+ Kg6 43. Qh8 Nf3+ 44. Kg2 Nh4+ 45. Kh2 Nf3+ 46. Kg2 Be5 47.
Qe8+ Kh6 48. Rc1 Nh4+ 49. Kh2 Bd6 50. Rh1 Ng6 51. Kg2+ Kg7 52. Qd7+ Ne7 53. Qe6 Qf3+ 54. Kg1 Ng6 55. Rxh7+ Kxh7 56. Qf7+ Kh6 57. Qg8 Qd1+ 58. Kg2 Qf3+ 59. Kg1 Bxg3 60. fxg3 Qxg3+ 61. Kf1 Qf3+ 62.
Ke1 e3 0-1

[Event "Late-Titled-Tuesday-Blitz-June-04-2024"]
[Site "Chess.com"]
[Date "2024.06.04"]
[Round "7"]
[White "Rud_Makarian"]
[Black "FXDon77"]
[Result "1-0"]
[WhiteElo "2991"]
[BlackElo "2868"]
[TimeControl "180+1"]
[EndTime "15:16:49 PDT"]
[Termination "Rud_Makarian won by resignation"]

1. d4 Nf6 2. c4 e6 3. Nf3 d5 4.
g3 Be7 5. Bg2 O-O 6. O-O dxc4 7.
Qc2 a6 8. a4 Bd7 9. Qxc4 Bc6 10. Bg5 Bd5 11. Qc2 Be4 12. Qd1 c5 13. dxc5 Bxc5 14. Nc3 Bc6 15. Ne5 Bxg2 16. Kxg2 Bd4 17. Bxf6 gxf6 18. Nd3 Bxc3 19. bxc3 Nc6 20. Rb1 Rb8 21. Qc1 Qd5+ 22. f3 Qc4 23. Qh6 Qxc3 24. Rfc1 Qd4 25. Rb3 f5 26. Rcb1 b5 27. axb5 axb5 28.
Rxb5 Rxb5 29. Rxb5 Qg7 30. Qxg7+ Kxg7 31. Rc5 Rc8 32.
Kf2 Ne7 33. Ra5 Kf6 34. h3 Nc6 35. Ra4 h6 36. g4 fxg4 37. hxg4 Kg7 38. Nf4 Ne7 39. Ra7 Re8 40. Kg3 Nd5 41. Nh5+ Kg6 42.
e4 Nf6 43. Nf4+ Kg7 44. e5 Nd5 45. Nxd5 exd5 46. f4 Rd8 47. f5 d4 48. e6 d3 49.
Rxf7+ Kg8 50. Rd7 Re8 51. Rxd3 Kg7 52. Rd7+ 1-0

[Event "Late-Titled-Tuesday-Blitz-June-04-2024"]
[Site "Chess.com"]
[Date "2024.06.04"]
[Round "7"]
[White "AldokhinIvan"]
[Black "gmcorrales"]
[Result "0-1"]
[WhiteElo "2646"]
[BlackElo "2876"]
[TimeControl "180+1"]
[EndTime "15:16:50 PDT"]
[Termination "gmcorrales won by resignation"]

1. e4 d5 2. exd5 Qxd5 3. Nc3 Qa5 4. Nf3 c6 5. d4 Nf6 6. Bd2 Bf5 7. Ne5 Qb6 8. Bc4 e6 9. Qe2 Nbd7 10. O-O-O Nxe5 11. dxe5 Nd5 12. g4 Bg6 13. Nxd5 exd5 14. Bb3 Be7 15.
e6 O-O 16. h4 Bc5 17. exf7+ Rxf7 18. f3 Re7 19. Qf1 Rf8 20. h5 Be4 21. Rh3 Ref7 22. f4 Bd4 23. f5 c5 24. Re1 c4 25. Rxe4 cxb3 26. Rxb3 Qc5 27. Re6 Rc8 28. Qd3 Bf6 29. Rb5 Qg1+ 30. Re1 Qxg4 31. Rxd5 Qxh5 32. Rd7 h6 33.
Qd5 Rf8 34. Bf4 Kh7 35. Rxf7 Qxf7 36. Qe4 Rc8 37. Qg2 Qc4 38. Qg6+ Kh8 39. Re8+ Rxe8 40.
Qxe8+ Qg8 41. Qxg8+ Kxg8 42. c4 Kf7 43. b4 h5 44. Kc2 h4 45. Kd3 h3 46. Ke4 Bc3 47. b5 Ba5 48. Kd5 Kf6 49. c5 Kxf5 50. Bh2 g5 51. c6 bxc6+ 52. Kxc6 Ke4 53. a4 Kf3 54. Kb7 Bb6 55. Ka6 g4 56. a5 Be3 57. Bd6 g3 58. Kb7 h2 59. b6 axb6 60. a6 b5 61. a7 Bxa7 62. Kxa7 h1=Q 0-1

[Event "Late-Titled-Tuesday-Blitz-June-04-2024"]
[Site "Chess.com"]
[Date "2024.06.04"]
[Round "7"]
[White "TanitoluwaAps116"]
[Black "Larax"]
[Result "1/2-1/2"]
[WhiteElo "2700"]
[BlackElo "2527"]
[TimeControl "180+1"]
[EndTime "15:16:53 PDT"]
[Termination "Game drawn by agreement"]

1. Nf3 d5 2. b3 c5 3. e3 a6 4. Bb2 Nc6 5. g3 Nf6 6. Bg2 e6 7. O-O Be7 8. d4 O-O 9. Nbd2 b5 10. dxc5 Bxc5 11. c4 Bb7 12. cxd5 Nxd5 13. Ne4 Be7 14. Rc1 Qb6 15. Nd4 Rac8 16. Nxc6 Bxc6 17. Qg4 g6 18. Bd4 Qb7 19. Nc5 Bxc5 20. Rxc5 Nb4 21. Qh4 e5 22. Bxe5 f6 23. Bxc6 Rxc6 24. Qxb4 fxe5 25.
Rxc6 Qxc6 26. Qe7 Qd5 27. Re1 Qd2 28. Qe6+ Rf7 29. Qe8+ Rf8 30. Qe6+ Rf7 31. Rf1 Qxa2 32. h4 a5 33. Kh1 g5 34. Rd1 Qxf2 35. Rd8+ Kg7 36.
Qxe5+ Qf6 37. Qxg5+ Qxg5 38. hxg5 Rf3 39. Rd5 Rxe3 40.
Rxb5 Rxg3 41. Kh2 Rc3 42. Kg2 Kg6 43. Kf2 Rc2+ 44. Kf3 Ra2 45. Kg4 a4 46. Rb6+ Kg7 47.
Rb7+ Kg6 48. Rb6+ Kg7 49. bxa4 Rxa4+ 50. Kh5 Ra5 51. Rb7+ Kg8 52. Rb8+ Kg7 53. Rb7+ Kg8 54. Re7 Ra1 55. Re8+ Kg7 56. Re7+ Kg8 57. Re4 Rh1+ 58. Kg4 Rg1+ 59. Kf5 Rf1+ 60. Kg4 Kg7 61. Re7+ Kg6 62. Re6+ Kg7 63. Rh6 Rg1+ 64. Kf4 Rf1+ 1/2-1/2

[Event "Late-Titled-Tuesday-Blitz-June-04-2024"]
[Site "Chess.com"]
[Date "2024.06.04"]
[Round "7"]
[White "Viktor_Poddubnyi"]
[Black "Darkbluelord"]
[Result "0-1"]
[WhiteElo "2339"]
[BlackElo "2140"]
[TimeControl "180+1"]
[EndTime "15:16:54 PDT"]
[Termination "Darkbluelord won on time"]

1. e4 c5 2. Nf3 d6 3. d4 cxd4 4.
Nxd4 Nf6 5. Nc3 g6 6. Be3 Bg7 7. f3 O-O 8. Qd2 Nc6 9. O-O-O d5 10. Qe1 Rb8 11. h4 e5 12. Nxc6 bxc6 13. exd5 cxd5 14.
Bc4 d4 15. Bg5 Qb6 16. Na4 Qc6 17. b3 Qd6 18. Kb1 Bf5 19. g4 Be6 20. Nb2 Rfc8 21. Bxe6 fxe6 22. Bxf6 Bxf6 23. h5 Qc5 24. Qe4 g5 25.
Rc1 Qc3 26. Qd3 Qa5 27. Rhe1 Rc3 28. Qe2 Rbc8 29. Nd3 Qa3 30. Nxe5 Re3 31. Qb5 Bxe5 32. Rxe3 dxe3 33. Qxe5 Qc5 34. Qxc5 Rxc5 35. Re1 Re5 36. c4 h6 37. Kc2 Kf7 38. Kd3 Ra5 39. a4 e5 40. Ke4 Ke6 41. Rxe3 Ra6 42. Rd3 Rb6 43. Ke3 Rb4 44. Kd2 e4 45. fxe4 Ke5 46. Kc3 a5 47.
Rd5+ Kxe4 48. Rxa5 Rb7 49. Ra6 Rf7 50. Rxh6 Rf3+ 51.
Kb4 Kf4 52. Rg6 Kxg4 53. h6 Rh3 54. a5 Kf5 55. Rc6 g4 56. Rc7 Rxh6 57. Rd7 g3 58.
Rd1 Kf4 59. Kb5 Kf3 60. c5 Kf2 61. a6 g2 0-1

[Event "Late-Titled-Tuesday-Blitz-June-04-2024"]
[Site "Chess.com"]
[Date "2024.06.04"]
[Round "7"]
[White "Polish_fighter3000"]
[Black "mbojan"]
[Result "1-0"]
[WhiteElo "3067"]
[BlackElo "2850"]
[TimeControl "180+1"]
[EndTime "15:16:55 PDT"]
[Termination "Polish_fighter3000 won on time"]

1. b4 a6 2. Bb2 Nc6 3. a3 e5 4. c4 d6 5. e3 g6 6. Nf3 Bg7 7. Be2 Nf6 8. O-O O-O 9. d4 e4 10.
Nfd2 h5 11. d5 Ne7 12. Qc2 Bf5 13. Nb3 Re8 14. N1d2 h4 15. h3 Kh7 16. Nd4 Qd7 17.
Kh2 Neg8 18. Rac1 Rad8 19. N2b3 b6 20. Nc6 Ra8 21. Nbd4 Nh6 22. a4 g5 23. Nxf5 Qxf5 24.
f4 g4 25. Rg1 Bh8 26. a5 g3+ 27. Kh1 bxa5 28. bxa5 Qg6 29. Qd2 Nf5 30. Nd4 Nxd4 31. Bxd4 Nd7 32. c5 Bxd4 33. exd4 e3 34. Qc3 Nf6 35.
Rgf1 Ne4 36. Qa3 Nf2+ 37. Kg1 Re4 38. cxd6 cxd6 39. Rc6 Rd8 40. Rxa6 Qf6 41. Rc6 Rxf4 42. Rcc1 Qxd4 43. a6 Kg7 44. Rc4 Qe5 45. Rxf4 Qxf4 46. Qc3+ Qf6 47. Qc7 Ra8 48. Qb7 Qd8 49. a7 Qc8 50.
Qxc8 Rxc8 51. Ra1 Ra8 52. Kf1 Ne4 53. Bb5 Nd2+ 54. Ke2 Nb3 55. Ra4 Rxa7 56. Rxa7 Nd4+ 57. Kxe3 Nxb5 58. Ra5 Nc3 59. Kd3 Nd1 60. Ra2 Nf2+ 61.
Ke3 Kf6 62. Kf4 Nd3+ 63. Kg4 1-0